Cogmind - Beta 14 @@@ ROGUE MODE // 2024.10.03 @ 19:05:45 Player: MarKhan Result: Destroyed by G-67 Veteran with Plasma Rifle Performance ------------- Evolutions (5) 2500 Regions Visited (11) 2200 Robots Destroyed (151) 755 Value Destroyed (5314) 5314 Prototype IDs (44) 880 Alien Tech Used (2) 400 Bonus (1289) 1289 TOTAL SCORE: 13338 Bonus ------- High Alert Combat Kills 633 Follower Combat Kills 56 Registered with UFD 300 Met Zhirov 300 Cogmind --------- Core Integrity 0/1000 Matter 280/300 Energy 99/100 System Corruption 11% Temperature Cool (0) Movement Walking (130) Location -4/Proximity Caves Parts ------- > --- POWER (2) -------- (None) > --- PROPULSION (5) --- Medium Armored Exoskeleton Enhanced Armored Leg > --- UTILITY (6) ------ Experimental Heat Sink High-capacity Storage Unit Energy Filter Focal Shield Point Defense System A0-MCA's Component Scanner > --- WEAPON (4) ------- Enhanced Gauss Cannon (fused) Spear Spear > --- INVENTORY (20) --- Fusion Reactor Medium Armored Exoskeleton Medium Armored Exoskeleton Improved Cryofiber Web Advanced Heat Sink Large Battery (200) Energy Well (350) High-capacity Matter Pod (200) Matter Compressor (250) Improved Sensor Array Long-range Tractor Beam Plasma Rifle KE Penetrator Improved Remote Datajack Improved Plasma Cutter Peak State ------------ > --- POWER ------------ Light Angular Momentum Engine Light Angular Momentum Engine > --- PROPULSION ------- Carbon-fiber Leg Medium Armored Exoskeleton Enhanced Armored Leg > --- UTILITY ---------- Experimental Heat Sink High-capacity Storage Unit Energy Filter Focal Shield Point Defense System A0-MCA's Component Scanner > --- WEAPON ----------- Gamma Rifle Heavy Phase Cannon Enhanced Gauss Cannon Spear > --- INVENTORY -------- Fusion Compressor Medium Armored Exoskeleton Medium Armored Exoskeleton Advanced Heat Sink Large Battery Energy Well High-capacity Matter Pod Matter Compressor Improved Sensor Array Long-range Tractor Beam Plasma Rifle Heavy Phase Cannon KE Penetrator Improved Remote Datajack Improved Plasma Cutter Spear [Rating: 104] Favorites ----------- Power Light Angular Momentum Engine Engine Light Angular Momentum Engine Power Core Light Nuclear Core Reactor Cold Fusion Reactor Propulsion Wheel Treads Light Treads Leg Carbon-fiber Leg Wheel Wheel Utility High-capacity Storage Unit Device Point Defense System Storage High-capacity Storage Unit Processor A0-MCA's Component Scanner Hackware Improved Hacking Suite Protection Improved Power Shielding Weapon Beam Cannon Energy Gun EM Pulse Gun Energy Cannon Beam Cannon Ballistic Gun Coil Gun Ballistic Cannon Enhanced Gauss Cannon Launcher Rocket Launcher Impact Weapon Heavy Hammer Slashing Weapon Mining Claw Piercing Weapon Spear Build | -11 -10 -10 -10 -9 -9 -6 -5 -5 -5 -5 -4 ------- Run | Yrd Mat Min Sub Rec Scr Fac Fac Upp Upp Zhi Pro Slots Evolved 10 | . . . . . . 8 2 . . . . Power 1 | . . . . . . 1 . . . . . Propulsion 3 | . . . . . . 3 . . . . . Utility 4 | . . . . . . 3 1 . . . . Weapon 2 | . . . . . . 1 1 . . . . Parts Attached 222 | 7 25 1 4 3 4 38 120 14 3 2 1 Power 27 | 1 1 . 1 . . 3 19 2 . . . Engine 17 | 1 . . 1 . . 2 11 2 . . . Core 9 | . 1 . . . . . 8 . . . . Reactor 1 | . . . . . . 1 . . . . . Propulsion 69 | 2 10 . 2 2 1 17 34 1 . . . Treads 18 | . 4 . 2 . . 12 . . . . . Leg 12 | . . . . . . . 11 1 . . . Wheel 39 | 2 6 . . 2 1 5 23 . . . . Hover . | . . . . . . . . . . . . Flight . | . . . . . . . . . . . . Utility 63 | 2 4 . . . 1 10 38 4 2 2 . Device 41 | 1 1 . . . . 6 26 3 2 2 . Storage 4 | 1 2 . . . . . 1 . . . . Processor 6 | . 1 . . . 1 2 2 . . . . Hackware 1 | . . . . . . . . 1 . . . Protection 11 | . . . . . . 2 9 . . . . Artifact . | . . . . . . . . . . . . Weapon 63 | 2 10 1 1 1 2 8 29 7 1 . 1 Energy Gun 24 | 1 3 . . 1 . 1 15 2 1 . . Energy Cannon 12 | . 3 1 . . 1 1 3 3 . . . Ballistic Gun 7 | 1 . . . . . . 6 . . . . Ballistic Cannon 4 | . . . . . . . 4 . . . . Launcher 5 | . . . 1 . 1 3 . . . . . Special Weapon . | . . . . . . . . . . . . Impact Weapon 1 | . . . . . . 1 . . . . . Slashing Weapon 6 | . 4 . . . . 2 . . . . . Piercing Weapon 4 | . . . . . . . 1 2 . . 1 Special Melee Weapon . | . . . . . . . . . . . . Unidentified Prototypes 2 | . . . . . . . . . . 2 . Corrupted Parts 3 | . . . . . . 3 . . . . . System Corruption 23 | . . . . . . 23 . . . . . Parts Lost 72 | . 1 . 2 . . 9 53 2 . . 5 Power 13 | . . . 1 . . 1 9 . . . 2 Propulsion 24 | . . . 1 . . 4 18 . . . 1 Utility 15 | . 1 . . . . 3 10 1 . . . Weapon 20 | . . . . . . 1 16 1 . . 2 Highest Loss Streak 9 | . 1 . 2 . . 4 9 1 . . 5 To Critical Strikes . | . . . . . . . . . . . . Average Slot Usage (%) 92 | . 99 100 96 100 97 94 84 87 88 87 87 Engine 8 | . 1 . 9 14 14 5 4 11 11 11 11 Core 2 | . 12 14 2 . . . 2 . . . . Treads 4 | . 10 . 19 1 . 26 2 . . . . Leg 5 | . . . . . . . 5 17 17 17 16 Wheel 13 | . 17 28 7 26 28 4 12 . . . . Device 8 | . 3 . . . . 8 11 13 20 22 23 Storage 9 | . 14 14 14 14 14 6 5 5 5 5 5 Processor 10 | . 10 14 14 14 14 14 10 5 5 5 5 Protection 1 | . . . . . . . 2 5 2 . . Energy Gun 5 | . 12 14 1 12 . . 7 5 2 5 4 Energy Cannon 8 | . 11 14 14 14 12 3 1 9 8 5 4 Ballistic Gun 1 | . 1 . . . . . 4 . . . . Ballistic Cannon 1 | . . . . . . . 3 5 5 5 5 Launcher 3 | . . . 12 1 12 4 1 . . . . Piercing Weapon 1 | . . . . . . . . . 5 5 5 Peak Build Rating 104 | 7 12 11 12 10 20 59 98 102 104 104 104 Average Rating 50 | 4 10 11 9 9 18 48 66 98 101 102 103 On Entrance 43 | . 7 11 11 10 10 20 55 94 96 103 104 Naked Turns . | . . . . . . . . . . . . Heaviest Build 100 | 15 50 50 52 52 52 79 91 100 95 91 91 Greatest Support 128 | 32 40 20 40 40 22 128 108 85 85 85 85 Greatest Overweight (x) 3 | . 2 2 2 2 2 2 3 1 1 1 1 Average Overweight (x) 1 | . . 2 1 1 2 . 1 1 . 1 . Largest Inventory Capacity 20 | 8 20 20 20 20 20 20 20 20 20 20 20 Average Capacity 19 | 7 17 20 20 20 20 20 20 20 20 20 20 Most Carried 20 | 6 20 20 20 20 20 20 20 20 20 20 20 Average Carried 18 | 3 15 19 18 19 19 18 19 19 19 20 19 Final Capacity 20 | 8 20 20 20 20 20 20 20 20 20 20 20 Final Carried 20 | 4 20 20 18 20 20 17 20 19 20 20 19 Class Distribution -------------------- 46% | Mutant 27% | Scavenger-Tank 12% | Scavenger-Skirmisher 5% | Tank 3% | Gladiator Dominant Class ---------------- Mutant | -10/Materials Mutant | -10/Mines Mutant | -10/Subcaves Mutant | -9/Recycling Mutant | -9/Scraptown Gladiator | -6/Factory Scavenger-Skirmisher | -5/Factory Scavenger-Tank | -5/Upper Caves Scavenger-Tank | -5/Upper Caves Scavenger-Tank | -5/Zhirov Scavenger-Tank | -4/Proximity Caves Resources | -11 -10 -10 -10 -9 -9 -6 -5 -5 -5 -5 -4 ----------- Run | Yrd Mat Min Sub Rec Scr Fac Fac Upp Upp Zhi Pro Matter Collected 5201 | 222 749 20 10 204 40 498 2637 523 154 . 144 Remotely 1213 | . . . . . . 18 1185 10 . . . Salvage Created 6743 | 24 919 57 113 . . 1161 3537 539 250 . 143 Parts 312 | 2 58 3 10 . . 31 177 19 5 . 7 Haulers Intercepted 5 | . 1 . . . . 1 3 . . . . Recyclers Shooed 6 | . 1 . . . . 2 3 . . . . Parts Field Recycled . | . . . . . . . . . . . . Retrieved Matter . | . . . . . . . . . . . . Parts Self-Destructed 35 | . . . 7 . . . . 16 5 . 7 Prevented 6 | . . . . . . . . 4 . . 2 Kills | -11 -10 -10 -10 -9 -9 -6 -5 -5 -5 -5 -4 ------- Run | Yrd Mat Min Sub Rec Scr Fac Fac Upp Upp Zhi Pro Combat Hostiles Destroyed 104 | . 16 3 7 . . 22 39 8 7 . 2 Melee 17 | . 3 . . . . 6 5 2 1 . . Guns 31 | . 6 2 . . . . 22 1 . . . Cannons 31 | . 6 1 2 . . 1 9 5 6 . 1 AOE 16 | . 1 . 5 . . 9 1 . . . . Classes Destroyed 18 | 1 8 . 3 . . 1 2 1 1 . 1 Worker 7 | . 1 . . . . 1 5 . . . . Builder 12 | . 1 . . . . . 11 . . . . Tunneler 3 | 1 . . . . . . 2 . . . . Hauler 5 | . 1 . . . . 1 3 . . . . Recycler 8 | . 1 . . . . 1 6 . . . . Mechanic 1 | . . . . . . . 1 . . . . Operator 2 | . 1 . . . . . 1 . . . . Turret 2 | . . . 2 . . . . . . . . Watcher 7 | . 3 . . . . 1 3 . . . . Swarmer 29 | . 3 3 4 . . 9 4 . 5 . 1 Grunt 47 | . 13 . . . . 9 18 7 . . . Duelist 1 | . . . . . . . . 1 . . . Sentry 6 | . . . 1 . . 2 2 . 1 . . Hunter 7 | . . . . . . . 7 . . . . Programmer 10 | . . . . . . 2 8 . . . . Behemoth 1 | . . . . . . . . . . . 1 Subdweller 2 | . . . 2 . . . . . . . . Mutant 1 | . . . . . . . . . 1 . . Best Kill Streak 7 | 1 4 4 6 . . 4 7 4 4 . 1 Combat Bots Only 6 | . 3 4 5 . . 4 6 4 4 . 1 Max Kills in Single Turn 3 | 1 2 1 2 . . 3 3 1 1 . 1 Gunslinging . | . . . . . . . . . . . . Exploded 3 | . 1 . 2 . . 3 1 . . . . Melee 1 | . 1 . . . . 1 1 1 1 . . Uniques/NPCs Destroyed . | . . . . . . . . . . . . Combat | -11 -10 -10 -10 -9 -9 -6 -5 -5 -5 -5 -4 -------- Run | Yrd Mat Min Sub Rec Scr Fac Fac Upp Upp Zhi Pro Hostile Shots Fired 1026 | . 50 6 25 . . 226 533 43 64 . 79 Missed 282 | . 14 2 10 . . 67 140 10 18 . 21 Damage Taken 12437 | . 372 33 187 . . 2140 7514 654 521 . 1016 Core 1432 | . 63 . 66 . . 308 758 . 39 . 198 Absorbed by Shields 149 | . . . . . . . 149 . . . . Redirected to Shielding 289 | . . . . . . . 204 51 34 . . Ignored by Resistances 213 | . . . . . . . 49 . 30 . 134 Regen/Repaired (Parts) 141 | . 87 . . . . . 54 . . . . Core Remaining (%) 70 | 100 . . . . 48 63 . . . . . Volleys Fired 268 | 3 43 3 15 . . 18 153 17 8 . 8 Largest 4 | 2 2 2 2 . . 3 4 4 3 . 3 Hottest 312 | 60 100 100 93 . . 161 297 312 237 . 222 Shots Fired 762 | 5 86 6 29 . . 38 507 49 22 . 20 Gun 434 | 5 63 3 . . . . 350 7 . . 6 Cannon 286 | . 23 3 15 . . 26 141 42 22 . 14 Launcher 42 | . . . 14 . . 12 16 . . . . Special . | . . . . . . . . . . . . Kinetic 266 | 2 20 . . . . . 218 12 7 . 7 Thermal 302 | . 23 3 15 . . 26 185 28 15 . 7 Explosive 28 | . . . 14 . . 5 9 . . . . Electromagnetic 166 | 3 43 3 . . . 7 95 9 . . 6 Robot Hit Streak 9 | 2 7 7 8 . . 3 9 4 8 . 5 Robot Miss Streak 9 | 3 4 . 4 . . 2 9 4 2 . 2 Penetration Max 1 | . . . . . . . 1 . . . . Secondary Targets 4 | . 2 . . . . . 2 . . . . Max Gunslinging Chain 1 | . 1 . . . . . 1 . . . . Shots Hit Robots 523 | 2 58 4 16 . . 85 297 26 20 . 15 Core Hits 250 | 1 35 3 13 . . 31 136 18 10 . 3 Critical Kills 6 | . 1 . . . . 1 3 . . . 1 Critical Parts Destroyed 14 | . . . . . . 10 4 . . . . Critical Strikes 40 | . 1 . . . . 12 23 1 1 . 2 Burn 6 | . . . . . . . 6 . . . . Meltdown 3 | . 1 . . . . . 1 . . . 1 Destroy 6 | . . . . . . . 6 . . . . Blast 10 | . . . . . . . 8 1 1 . . Corrupt 2 | . . . . . . . 1 . . . 1 Smash 12 | . . . . . . 12 . . . . . Impale 1 | . . . . . . . 1 . . . . Melee Attacks 148 | . 15 . . . . 86 29 5 10 . 3 Impact 66 | . . . . . . 66 . . . . . Slashing 35 | . 15 . . . . 20 . . . . . Piercing 47 | . . . . . . . 29 5 10 . 3 Sneak Attacks 6 | . 1 . . . . 5 . . . . . Combat Hostiles . | . . . . . . . . . . . . Follow-up Attacks 15 | . 1 . . . . 14 . . . . . Damage Inflicted 15876 | 26 1023 51 609 . . 3718 8322 897 669 . 561 Guns 5474 | 26 565 33 . . . . 4684 62 . . 104 Cannons 4868 | . 210 18 155 . . 329 2586 723 473 . 374 Explosions 2114 | . 46 . 454 . . 1119 495 . . . . Melee 3402 | . 202 . . . . 2252 557 112 196 . 83 Ramming 18 | . . . . . . 18 . . . . . Kinetic 4042 | 11 156 . . . . . 3320 197 162 . 196 Thermal 4914 | . 256 18 155 . . 383 3135 478 311 . 178 Explosive 1365 | . . . 454 . . 756 155 . . . . Electromagnetic 2135 | 15 409 33 . . . 309 1155 110 . . 104 Impact 1927 | . . . . . . 1927 . . . . . Slashing 527 | . 202 . . . . 325 . . . . . Piercing 948 | . . . . . . . 557 112 196 . 83 Highest Corruption 28 | . . . . . . 28 10 10 11 11 11 Average Corruption 8 | . . . . . . 8 5 10 10 11 11 Corruption Purged . | . . . . . . . . . . . . Corruption Blocked . | . . . . . . . . . . . . Effects 189 | . . . . . . 27 49 30 37 18 28 Message Errors 44 | . . . . . . 10 10 9 8 . 7 Matter Fused 45 | . . . . . . 10 9 6 11 3 6 Heat Flow Errors 26 | . . . . . . 2 6 4 6 3 5 Energy Discharges 16 | . . . . . . 1 9 2 . 3 1 Parts Fused 2 | . . . . . . . . 1 . . 1 Data Loss (minor) 26 | . . . . . . 3 5 2 4 8 4 Data Loss (major) 12 | . . . . . . . 2 3 4 1 2 Misfires 3 | . . . . . . 1 1 1 . . . Alerts 7 | . . . . . . . 3 1 2 . 1 Weapon Failures 8 | . . . . . . . 4 1 2 . 1 Overload Shots . | . . . . . . . . . . . . Overflow Damage 845 | . 29 . 10 . . 643 141 22 . . . Projectiles 144 | . 2 . 10 . . . 110 22 . . . Explosions 64 | . . . . . . 33 31 . . . . Melee 637 | . 27 . . . . 610 . . . . . Knockbacks 17 | . . . . . . 6 11 . . . . Impact 6 | . . . . . . 6 . . . . . Kinetic 9 | . . . . . . . 9 . . . . Secondary 2 | . . . . . . . 2 . . . . Self-Inflicted Damage 185 | . . . 52 . . 86 47 . . . . Shots 6 | . . . 1 . . 4 1 . . . . Rammed 1 | . . . . . . 1 . . . . . Targets Rammed 1 | . . . . . . 1 . . . . . Kicked . | . . . . . . . . . . . . Crushed . | . . . . . . . . . . . . Highest Temperature 568 | 20 216 135 . . . 228 568 384 248 235 275 Average Temperature 121 | 20 63 69 . . . 50 142 148 94 107 116 Received Heat Transfer 3436 | . 141 . 36 . . 453 2290 276 63 . 177 Effects 26 | . . . . . . . 20 6 . . . Shutdowns 7 | . . . . . . . 7 . . . . Energy Bleed 3 | . . . . . . . 2 1 . . . Interference 11 | . . . . . . . 6 5 . . . Matter Decay 1 | . . . . . . . 1 . . . . Short Circuit 1 | . . . . . . . 1 . . . . Damage (minor) 2 | . . . . . . . 2 . . . . Damage (major) 1 | . . . . . . . 1 . . . . Siege Activations . | . . . . . . . . . . . . Robots Corrupted 9 | . . . . . . 9 . . . . . Combat Hostiles 6 | . . . . . . 6 . . . . . Parts Fried 9 | . . . . . . 8 1 . . . . Impact Corruptions 26 | . . . . . . 26 . . . . . Robots Melted 4 | . 1 . . . . . 2 . . . 1 Combat Hostiles 3 | . . . . . . . 2 . . . 1 Parts Melted 26 | . 4 . 1 . . . 16 1 1 . 3 Heat Transferred 8419 | . 494 37 333 . . 642 5814 581 333 . 185 Parts Sabotaged . | . . . . . . . . . . . . Parts Stolen . | . . . . . . . . . . . . Parts Stripped . | . . . . . . . . . . . . Power Chain Reactions 4 | . 1 . . . . 2 1 . . . . Alert | -11 -10 -10 -10 -9 -9 -6 -5 -5 -5 -5 -4 ------- Run | Yrd Mat Min Sub Rec Scr Fac Fac Upp Upp Zhi Pro Peak Influence 865 | 5 312 89 . 146 . 531 865 . . . . Initial 259 | . 3 19 . 136 . . 259 . . . . Average 298 | 1 139 86 . 94 . 279 497 . . . . Maximum Alert Level 3 | . 1 . . . . 2 3 . . . . Low Security (%) 39 | 100 74 100 . 100 . 19 . . . . . Level 1 35 | . 25 . . . . 73 40 . . . . Level 2 15 | . . . . . . 7 34 . . . . Level 3 10 | . . . . . . . 25 . . . . Level 4 . | . . . . . . . . . . . . Level 5 . | . . . . . . . . . . . . High Security . | . . . . . . . . . . . . Max Security . | . . . . . . . . . . . . Squads Dispatched 26 | . 5 . . . . 5 16 . . . . Investigation 9 | . 3 . . . . 2 4 . . . . Extermination 6 | . . . . . . 1 5 . . . . Reinforcement 10 | . 2 . . . . 2 6 . . . . Assault 1 | . . . . . . . 1 . . . . Garrison . | . . . . . . . . . . . . Intercept . | . . . . . . . . . . . . Searches Triggered . | . . . . . . . . . . . . Construction Impeded 4 | . . . . . . 1 3 . . . . Haulers Reinforced 2 | . . . . . . . 2 . . . . Active Scanning Responses . | . . . . . . . . . . . . Cargo Convoy Interrupts . | . . . . . . . . . . . . Stealth | -11 -10 -10 -10 -9 -9 -6 -5 -5 -5 -5 -4 --------- Run | Yrd Mat Min Sub Rec Scr Fac Fac Upp Upp Zhi Pro Distress Signals 3 | . 1 . . . . 1 1 . . . . Communications Jammed . | . . . . . . . . . . . . Distress Signals . | . . . . . . . . . . . . Times Spotted 159 | . 24 2 9 . . 36 54 11 7 . 16 Peak Tracking Total 11 | . 3 2 4 . . 4 5 5 4 . 11 Tactical Retreats 12 | . . . 3 . . 4 2 2 . . 1 Traps | -11 -10 -10 -10 -9 -9 -6 -5 -5 -5 -5 -4 ------- Run | Yrd Mat Min Sub Rec Scr Fac Fac Upp Upp Zhi Pro Traps Triggered 1 | . . . . . . . 1 . . . . Indirectly . | . . . . . . . . . . . . Trap Hack Attempts . | . . . . . . . . . . . . Triggered . | . . . . . . . . . . . . Disarmed . | . . . . . . . . . . . . Reprogrammed . | . . . . . . . . . . . . Reused . | . . . . . . . . . . . . Traps Extracted . | . . . . . . . . . . . . Installed . | . . . . . . . . . . . . Triggered 3 | . . . . . . . . . . . 3 Machines | -11 -10 -10 -10 -9 -9 -6 -5 -5 -5 -5 -4 ---------- Run | Yrd Mat Min Sub Rec Scr Fac Fac Upp Upp Zhi Pro Machines Disabled 20 | . . . 3 . . 4 12 . 1 . . Max in Single Turn 5 | . . . 2 . . 2 5 . 1 . . Machines Repaired . | . . . . . . . . . . . . Machines Dismantled . | . . . . . . . . . . . . Machines Sabotaged . | . . . . . . . . . . . . Overloaded Fab Kills . | . . . . . . . . . . . . Hacking | -11 -10 -10 -10 -9 -9 -6 -5 -5 -5 -5 -4 --------- Run | Yrd Mat Min Sub Rec Scr Fac Fac Upp Upp Zhi Pro Machines Accessed 51 | . 8 . . 12 7 5 10 . . 9 . Terminals 20 | . 6 . . 5 . 4 5 . . . . Fabricators 1 | . . . . . . 1 . . . . . Repair Stations 3 | . 1 . . . . . 2 . . . . Recycling Units 7 | . 1 . . 5 . . 1 . . . . Scanalyzers 2 | . . . . . . . 2 . . . . Garrison Access . | . . . . . . . . . . . . Total Hacks 212 | . 28 . . 54 31 11 40 . . 48 . Successful 175 | . 21 . . 41 31 3 31 . . 48 . Failed 37 | . 7 . . 13 . 8 9 . . . . Catastrophic 4 | . . . . 1 . 3 . . . . . Database Lockouts . | . . . . . . . . . . . . Manual 44 | . 14 . . 13 . 3 13 . . 1 . Terminals 59 | . 19 . . 14 . 10 16 . . . . Fabricators 1 | . . . . . . 1 . . . . . Repair Stations 11 | . 7 . . . . . 4 . . . . Recycling Units 18 | . 2 . . 15 . . 1 . . . . Scanalyzers 19 | . . . . . . . 19 . . . . Garrison Access . | . . . . . . . . . . . . Terminal Hacks 122 | . 6 . . 29 31 2 6 . . 48 . Record 90 | . . . . 24 30 . . . . 36 . Part Schematic 4 | . . . . . . . . . . 4 . Robot Analysis 4 | . . . . . . . . . . 4 . Prototype ID Bank 5 | . . . . 1 . . . . . 4 . Open DSF 1 | . . . . . . . 1 . . . . Branch Access Points 2 | . 1 . . . . . 1 . . . . Terminal Index 3 | . 1 . . 1 . . 1 . . . . Alert Level 1 | . 1 . . . . . . . . . . Security Status 1 | . . . . . . 1 . . . . . Hauler Manifests 1 | . . . . 1 . . . . . . . Registered Components 1 | . 1 . . . . . . . . . . Zone Layout 7 | . 2 . . 1 . 1 3 . . . . Derelict Proto ID Bank 1 | . . . . . 1 . . . . . . Release Object 1 | . . . . 1 . . . . . . . Fabricator Hacks . | . . . . . . . . . . . . Repair Station Hacks 8 | . 6 . . . . . 2 . . . . Scan Component 4 | . 3 . . . . . 1 . . . . Repair 4 | . 3 . . . . . 1 . . . . Recycling Unit Hacks 5 | . . . . 5 . . . . . . . Report Inventory 4 | . . . . 4 . . . . . . . Retrieve Components 1 | . . . . 1 . . . . . . . Scanalyzer 19 | . . . . . . . 19 . . . . Insert Component 9 | . . . . . . . 9 . . . . Analyze 10 | . . . . . . . 10 . . . . Garrison Access Hacks . | . . . . . . . . . . . . Unauthorized Hacks 21 | . 9 . . 7 . 1 4 . . . . Terminals 10 | . 6 . . 2 . . 2 . . . . Assimilate 1 | . 1 . . . . . . . . . . Botnet 8 | . 4 . . 2 . . 2 . . . . Operators 1 | . 1 . . . . . . . . . . Fabricators 1 | . . . . . . 1 . . . . . Haulers 1 | . . . . . . 1 . . . . . Repair Stations 3 | . 1 . . . . . 2 . . . . Mechanics 2 | . 1 . . . . . 1 . . . . Recycling Units 7 | . 2 . . 5 . . . . . . . Monitor 1 | . . . . 1 . . . . . . . Reject 4 | . 1 . . 3 . . . . . . . Recyclers 2 | . 1 . . 1 . . . . . . . Fedlink 1 | . . . . . . . 1 . . . . Scanalyzers . | . . . . . . . . . . . . Garrison Access . | . . . . . . . . . . . . Data Cores Recovered . | . . . . . . . . . . . . Used . | . . . . . . . . . . . . Hacking Detections 25 | . 6 . . 8 . 4 7 . . . . Full Trace Events 7 | . 2 . . 1 . 2 2 . . . . Feedback Events . | . . . . . . . . . . . . Feedback Blocked . | . . . . . . . . . . . . Robot Schematics Acquired . | . . . . . . . . . . . . Robots Built . | . . . . . . . . . . . . Authchips . | . . . . . . . . . . . . Time . | . . . . . . . . . . . . Total Robot Build Rating . | . . . . . . . . . . . . Part Schematics Acquired 13 | . . . . . . . 9 . . 4 . Parts Built . | . . . . . . . . . . . . Authchips . | . . . . . . . . . . . . Time . | . . . . . . . . . . . . Total Part Build Rating . | . . . . . . . . . . . . Parts Repaired 4 | . 3 . . . . . 1 . . . . Time 161 | . 105 . . . . . 56 . . . . Parts Recycled . | . . . . . . . . . . . . Recycled Matter . | . . . . . . . . . . . . Retrieved Matter . | . . . . . . . . . . . . Retrieved Components 3 | . . . . 3 . . . . . . . Parts Scanalyzed 9 | . . . . . . . 9 . . . . Part Schematics Acquired 9 | . . . . . . . 9 . . . . Parts Damaged 3 | . . . . . . . 3 . . . . Bothacking | -11 -10 -10 -10 -9 -9 -6 -5 -5 -5 -5 -4 ------------ Run | Yrd Mat Min Sub Rec Scr Fac Fac Upp Upp Zhi Pro Used RIF Installer . | . . . . . . . . . . . . Robots Hacked . | . . . . . . . . . . . . Non-combat . | . . . . . . . . . . . . Combat . | . . . . . . . . . . . . Robot Hacks Applied . | . . . . . . . . . . . . Relay Couplers Released 8 | . . . . . . . 8 . . . . Programmers 8 | . . . . . . . 8 . . . . Fabnet Peak Effective % . | . . . . . . . . . . . . Robots Rewired 4 | . . . . . . . . . 4 . . Allies Hacked . | . . . . . . . . . . . . Hacks Repelled . | . . . . . . . . . . . . Allies | -11 -10 -10 -10 -9 -9 -6 -5 -5 -5 -5 -4 -------- Run | Yrd Mat Min Sub Rec Scr Fac Fac Upp Upp Zhi Pro Total Allies 4 | . . . . . . . . . 4 . . Largest Group 4 | . . . . . . . . . 4 4 4 Highest-Rated Group 124 | . . . . . . . . . 124 124 124 Highest-Rated Ally 31 | . . . . . . . . . 31 31 31 Total Orders . | . . . . . . . . . . . . Ally Attacks 25 | . . . . . . . . . 17 . 8 Total Damage 495 | . . . . . . . . . 369 . 126 Kills 1 | . . . . . . . . . 1 . . Allies Corrupted . | . . . . . . . . . . . . Allies Melted . | . . . . . . . . . . . . Intel | -11 -10 -10 -10 -9 -9 -6 -5 -5 -5 -5 -4 ------- Run | Yrd Mat Min Sub Rec Scr Fac Fac Upp Upp Zhi Pro Robot Analysis Total 4 | . . . . . . . . . . 4 . Derelict Logs Recovered 4 | . . . . . . . . 1 1 . 2 Drone Launches . | . . . . . . . . . . . . Drone Recoveries . | . . . . . . . . . . . . Exploration | -11 -10 -10 -10 -9 -9 -6 -5 -5 -5 -5 -4 ------------- Run | Yrd Mat Min Sub Rec Scr Fac Fac Upp Upp Zhi Pro Turns Passed 12264 | 75 1635 408 124 613 2632 1142 2592 823 1116 497 607 Spaces Moved 7180 | 53 830 242 33 521 2281 565 1321 338 488 233 275 Core 2 | 2 . . . . . . . . . . . Treads 806 | . 233 . 30 15 . 434 94 . . . . Legs 1701 | . . . . . . . 367 338 488 233 275 Wheels 4671 | 51 597 242 3 506 2281 131 860 . . . . Hover . | . . . . . . . . . . . . Flight . | . . . . . . . . . . . . Fastest Speed 50 | 50 80 110 110 110 110 98 95 209 126 209 130 Average Speed 140 | 98 139 110 228 113 114 147 130 209 208 209 208 Slowest Speed 260 | 100 240 110 240 240 115 160 260 209 209 209 220 Overloaded Moves . | . . . . . . . . . . . . Propulsion Burnouts . | . . . . . . . . . . . . Robots Hopped . | . . . . . . . . . . . . Cave-ins Triggered . | . . . . . . . . . . . . Teleports 1 | . . . . . . . . . . 1 . Exploration Rate (%) 44 | 4 67 47 4 76 92 11 29 63 44 62 35 Regions Visited 11 Branch Regions 8 Pre-discovered Areas 3 | . . . . . . . . . . 3 . Known Exits Taken 2 | . 1 . . . . . 1 . . . . Unknown Exits Taken 9 | 1 . 1 1 1 1 1 . 1 1 1 . Scrap Searched 11 | . . 1 . . 3 . . 3 2 . 2 Spaces Dug 7 | . 3 . . . . 4 . . . . . Terrain Destroyed 387 | . 3 . 90 . . 77 191 16 6 . 4 Melee 7 | . 3 . . . . 4 . . . . . Projectile 89 | . . . . . . 2 61 16 6 . 4 AOE 291 | . . . 90 . . 71 130 . . . . Terrain Rammed . | . . . . . . . . . . . . Walls Destroyed . | . . . . . . . . . . . . Machines Disabled . | . . . . . . . . . . . . Actions | -11 -10 -10 -10 -9 -9 -6 -5 -5 -5 -5 -4 --------- Run | Yrd Mat Min Sub Rec Scr Fac Fac Upp Upp Zhi Pro Total 8551 | 68 1187 378 53 544 2291 741 1788 415 555 244 287 Wait 482 | . 232 130 . 10 . 20 60 22 8 . . Move 7169 | 52 829 241 32 520 2280 564 1320 337 487 232 275 Hop . | . . . . . . . . . . . . Pick Up 117 | 6 29 1 1 6 3 19 40 6 5 1 . Fast Attach 75 | 5 3 . . . . 3 56 3 1 4 . Attach 50 | 2 1 . 2 . 2 15 24 2 1 . 1 Detach 15 | . . . . . 2 3 10 . . . . Swap 99 | . 21 1 2 3 2 20 40 9 1 . . Drop 111 | . 15 2 1 4 2 12 56 12 4 3 . Fire 268 | 3 43 3 15 . . 18 153 17 8 . 8 Melee 127 | . 14 . . . . 66 29 5 10 . 3 Ram . | . . . . . . . . . . . . Kick . | . . . . . . . . . . . . Crush 1 | . . . . . . 1 . . . . . Escape Stasis . | . . . . . . . . . . . . Rewire 37 | . . . . 1 . . . 2 30 4 . Trap . | . . . . . . . . . . . . Miscellaneous . | . . . . . . . . . . . . Route ------- -11/Scrapyard -10/Materials (discovered 5 exits: [*Mat x2] / *Min x2 / [*Sub]) -10/Mines -10/Subcaves -9/Recycling -9/Scraptown (discovered 2 exits: *Fac x2) -6/Factory -5/Factory (discovered 2 exits: *Upp x2) -5/Upper Caves -5/Upper Caves -5/Zhirov -4/Proximity Caves History --------- Turn | Location | Event 16 | -11/Scrapyard | Discovered new exit (range 14) 76 | -11/Scrapyard | Entered Materials 83 | -10/Materials | Discovered new exit (range 17) 195 | -10/Materials | Identified exit to Mines 308 | -10/Materials | Build established: Mutant 576 | -10/Materials | Repaired Lgt. Treads 772 | -10/Materials | Discovered new exit (range 15) 942 | -10/Materials | Discovered new exit (range 13) 1515 | -10/Materials | Repaired Corrupted Hacking Suite 1542 | -10/Materials | Repaired EM Pulse Gun 1711 | -10/Materials | Entered Mines 1941 | -10/Mines | Received a Rocket Launcher from a helpful Derelict 2099 | -10/Mines | Discovered new exit (range 4) 2119 | -10/Mines | Entered Subcaves 2119 | -10/Subcaves | Discovered new exit (range 11) 2151 | -10/Subcaves | Core integrity fell below 50% 2243 | -10/Subcaves | Entered Recycling 2244 | -9/Recycling | Met a Zionite searching for Scraptown 2744 | -9/Recycling | Scanned before Scraplab entrance 2763 | -9/Recycling | Entered Scraplab 2778 | -9/Recycling | Discovered new exit (range 3) 2856 | -9/Recycling | Entered Scraptown 3017 | -9/Scraptown | Visited CPS Storage 3038 | -9/Scraptown | Visited UFD Registry 3044 | -9/Scraptown | Registered with UFD as "Arcninja" 3089 | -9/Scraptown | Visited A0-MCA Data Center 3096 | -9/Scraptown | Given a C rating by A0-MCA 3100 | -9/Scraptown | Found A0-MCA's Component Scanner 3138 | -9/Scraptown | Visited DA-N13 Charitable Foundation 3171 | -9/Scraptown | Visited Infowarlord's Domain 3207 | -9/Scraptown | Visited Abandonware Association 3219 | -9/Scraptown | Learned abandonware demo "OVRCLOCK.EXE" 3228 | -9/Scraptown | Learned abandonware demo "HACKBUD.EXE" 3228 | -9/Scraptown | Learned abandonware demo "TRNCOAT.EXE" 3399 | -9/Scraptown | Visited LU-1G1's Boring Crew 3420 | -9/Scraptown | Visited Scrap Suit Storage 3467 | -9/Scraptown | Visited Science Guys 3537 | -9/Scraptown | Visited Junk Repository 3560 | -9/Scraptown | Visited TADAMA 3581 | -9/Scraptown | Heard Great Nut preacher, LISTEN AND RECITE! 3610 | -9/Scraptown | Visited Symbiants 3635 | -9/Scraptown | Visited Supply Room 3805 | -9/Scraptown | Discovered new exit (range 11) 4155 | -9/Scraptown | Visited Spacefarers 4245 | -9/Scraptown | Visited Comm Corps 4604 | -9/Scraptown | Visited Cartography Club 4680 | -9/Scraptown | Discovered new exit (range 5) 4820 | -9/Scraptown | Found DCF Scrap (28 items) 5488 | -9/Scraptown | Entered Factory 5488 | -6/Factory | Evolved 8 slots: Power x1, Propulsion x3, Utility x3, Weapon x1 6213 | -6/Factory | Discovered new exit (range 10) 6218 | -6/Factory | System corruption reached 10% 6249 | -6/Factory | Build established: Scavenger-Gladiator 6359 | -6/Factory | Lost 4 parts (1p2n1w) 6564 | -6/Factory | Build established: Gladiator 6630 | -6/Factory | Entered another Factory area 6630 | -5/Factory | Evolved 2 slots: Utility x1, Weapon x1 7008 | -5/Factory | Lost 3 parts (1n2w) 7217 | -5/Factory | Build established: Scavenger-Skirmisher 7380 | -5/Factory | Lost 3 parts (1p2n) 7729 | -5/Factory | Repaired Tesla Rifle 7904 | -5/Factory | Lost 5 parts (3n1u1w) 8144 | -5/Factory | Identified exit to Upper Caves 8256 | -5/Factory | Lost 4 parts (1p2n1w) 8430 | -5/Factory | First assault squad dispatched 8475 | -5/Factory | Lost 6 parts (2p1n2u1w) 8566 | -5/Factory | Lost 4 parts (1p1n2w) 8702 | -5/Factory | Lost 4 parts (1p1u2w) 8726 | -5/Factory | Build established: Scavenger-Tank 8779 | -5/Factory | Lost 4 parts (1p3w) 8820 | -5/Factory | Core integrity fell below 50% 8850 | -5/Factory | Lost 9 parts (1p2n3u3w) 8919 | -5/Factory | Lost 3 parts (1p1n1u) 9053 | -5/Factory | System corruption reached 10% 9222 | -5/Factory | Entered Upper Caves 9787 | -5/Upper Caves | Encountered a Warlord checkpoint 10008 | -5/Upper Caves | Discovered new exit (range 7) 10033 | -5/Upper Caves | Learned location of 1 exit from Factory 10045 | -5/Upper Caves | Entered another Upper Caves area 10114 | -5/Upper Caves | Attracted the attention of an 0b10 checkpoint 10298 | -5/Upper Caves | Build established: Tank 10444 | -5/Upper Caves | Attacked by a delusional Derelict stockpiling Unaware 10633 | -5/Upper Caves | Spotted B-75 Beast 10649 | -5/Upper Caves | Allies destroyed B-75 Beast 10793 | -5/Upper Caves | Build established: Scavenger-Tank 10908 | -5/Upper Caves | Learned location of 1 exit from Factory 11129 | -5/Upper Caves | Discovered new exit (range 15) 11161 | -5/Upper Caves | Entered Zhirov 11161 | -5/Zhirov | Accompanied by 4 allies 11161 | -5/Zhirov | Discovered new exit (range 3) 11199 | -5/Zhirov | Met Zhirov 11243 | -5/Zhirov | Learned location of Quarantine (-3) 11243 | -5/Zhirov | Learned location of Testing (-2) 11243 | -5/Zhirov | Learned location of Command (-1) 11289 | -5/Zhirov | Zhirov requested help retrieving the SGEMP Prototype 11476 | -5/Zhirov | Found Alien Artifact 11476 | -5/Zhirov | Identified Integrated Reactor 11476 | -5/Zhirov | Installed Integrated Reactor, increased core energy generation (+10) 11513 | -5/Zhirov | Found Alien Artifact 11513 | -5/Zhirov | Identified Transdimensional Reconstructor 11513 | -5/Zhirov | Warped through subspace 11514 | -5/Zhirov | Core integrity fell below 20% 11658 | -5/Zhirov | Entered Proximity Caves 11658 | -4/Proximity Caves | Accompanied by 4 allies 11907 | -4/Proximity Caves | Spotted B-86 Titan 11925 | -4/Proximity Caves | Destroyed B-86 Titan 11951 | -4/Proximity Caves | Lost 4 allies 12156 | -4/Proximity Caves | Learned location of 1 exit from Research 12223 | -4/Proximity Caves | Learned 4 Research zone layouts 12265 | -4/Proximity Caves | Destroyed by G-67 Veteran with Plasma Rifle Last Messages --------------- 12224_ Component scanned: Hvy. Armor Plating [Y-72 Warden]. 12225_ System corrupted: Energy discharge (-62). 12225_ Slug penetrates Wall. 12236_ S-27 Virus destroyed. 12236_ Slug penetrates Y-72 Warden. 12240_ Y-72 Warden IFF system glitched. 12240_ Gamma Rifle destroyed. 12242_ Lgt. Nuclear Core fries itself beyond repair. 12243_ Carbon-fiber Leg destroyed. 12245_ VTOL Module fries itself beyond repair. 12246_ Critical hit (Burn: +37). 12248_ Autogun fries itself beyond repair. 12249_ VTOL Module fries itself beyond repair. 12252_ Y-72 Warden IFF system glitched. 12256_ Hvy. Phase Cannon destroyed. 12258_ Y-72 Warden misfires. 12261_ Lgt. Angular Momentum Engine destroyed. Map ----- +----------------------------------------------------+ | ?????????????????????????????????????????????????? | | ?????????????????????????????????????????????????? | | ?????????????????????????????????????????????????? | | ?????????????????????????????????????????????????? | | ?????????????????????????????????????????????????? | | ?????????????????????????????????????????????????? | | ?????????????????????????###?????????????????????? | | ??????????????? ???????? #?????????????????????? | | ???????????????? ??????? #?????????????????????? | | ????????????????+//###??# #?????????????????????? | | ????????????????? """"?# #?????????????????????? | | ?????????????????? " "?# #?????????????????????? | | ??????????????????? ?# #?????????????????????? | | ???????????????????? # ###???????????????????? | | ?????????????????????# # # ????????????????????? | | ?????????????????????# # ; #???????????????????? | | ?????????????????????# /% ; #???????????????????? | | ?????????????????????# s %;#????????????????????? | | ?????????????? / #gY##????????????????????? | | ????????????# """" #??#gg;#????????????????????? | | ????????????????"""?????# ##????????????????????? | | ????????????????????????# #????????????????????? | | ????????????????????????# #????????????????????? | | ??????#?????????????????# s##????????????????????? | | ??????# ################s #?????????????????????? | | ??????# [! @ #?????????????????????? | | ??????# % #?????????????????????? | | ??????####### # ### ###?????????????????????? | | ????????????# # #?## #???????????????????????? | | ????????????# #??## ##???????????????????????? | | ????????????# #???####????????????????????????? | | ????????????# #???????????????????????????????? | | ??????????#### #???????????????????????????????? | | ?????????##" ##??????????????????????????????? | | ????????##"" ##???? ?????????????????????? | | ????????#"""" ## ????????????????????? | | ????????#""#" #?????????????????????????? | | ????????##### #?????????????????????????? | | ????????????# ## #####?????????????????????????? | | ????????????# ##?##?????????????????????????????? | | ????????????# ####??##??????????????????????????? | | ????????????# ### ##?????????????????????????? | | ????????????# #?????????????????????????? | | ????????????# #?????????????????????????? | | ????????????# ## ##?????????????????????????? | | ????????????#### ##??######??????????????????? | | ???????????????# #??# ##?????????????????? | | ???????????????## #?# ??????????????????? | | ????????????????### ## #?????????????????????? | | ??????????????????# #??????????????????????? | +----------------------------------------------------+ Best States ------------- Heat Dissipation 71 Energy Generation 45 Energy Capacity 430 Matter Stores 300 Matter Capacity 300 Sight Range 18 Robot Scan Range 15 Terrain Scan Range 20 Terrain Scan Density 10 Armor Coverage 225 Resistance: KI 20 Resistance: EX 50 Core Shielding 30 Power Shielding 66 Point Defense Rating 80 Melee Speed Boost 20 Evasion (%) 55 Targeting Accuracy 5 Target Analysis 6 Recoil Reduction 5 Energy Filtering 30 Offensive Hacking 12 Authchip Count 1 Item Schematics ----------------- Imp. Actuator Array | -5/Factory | Scanalyzed Hvy. Hammer | -5/Factory | Scanalyzed Mining Claw | -5/Factory | Scanalyzed Hpw. Tractor Beam | -5/Factory | Scanalyzed Imp. Plasma Cutter | -5/Factory | Scanalyzed Beam Cannon | -5/Factory | Scanalyzed Microactuators | -5/Factory | Scanalyzed Terrain Scan Processor | -5/Factory | Scanalyzed Imp. Core Shielding | -5/Factory | Scanalyzed Assault Drone Bay | -5/Zhirov | Free Exp. Heat Sink | -5/Zhirov | Free Exp. Optical Array | -5/Zhirov | Free Imp. Arc Thrower | -5/Zhirov | Free Robot Schematics ------------------ None Fabricated ------------ Nothing Alien Tech Used ----------------- Integrated Reactor Transdimensional Reconstructor Achievements -------------- Alien Tech Subspace Traveler The Science Guy Challenges ------------ None Game ------ Seed MultinovaJunkSabre Manual? 0 Play Time 02:37:45 Cumulative 56.3 hours Start 2024.10.03 @ 12:22:31 End 2024.10.03 @ 19:05:45 Sessions 3 Manual Loads 0 Difficulty Rogue Special Mode None Game No. 53 Rogue 53 Adventurer 0 Explorer 0 Win Type - Total 2 Types 2/0/0/0/0/0/0/0/0 Lore% 36 Gallery% 39 Achievement% 38 Wizard Run 0 Options --------- Layout 1 ASCII 0 Keyboard 1 Movement Arrows Keybinds 0 Fullscreen 1 Font 24/Smallcaps Map View 50x35 Zoom Use 0% Tactical HUD 1 Map Filters NONE Filters NONE Steam 1 RUN: df980b16-c17c-4ca0-b18f-f384884294d4